 Dungeon Crawl Stone Soup version 0.24.0-13-gcf9b319 (webtiles) character file.

Game seed: 3009803679401790155, levelgen mode: deterministic

1416 Fang the Skirmisher (level 8, -8/78 HPs)
             Began as a Gargoyle Berserker on Nov 21, 2019.
             Was a Priest of Trog.
             Killed by divine providence
             ... invoked by an orc priest
              (17 damage)
             ... on level 6 of the Dungeon.
             The game lasted 00:06:16 (4703 turns).

Fang the Skirmisher (Gargoyle Berserker)            Turns: 4703, Time: 00:06:16

Health: -8/78      AC: 15    Str: 29    XL:     8   Next: 71%
Magic:  8/8        EV: 11    Int:  9    God:    Trog [***...]
Gold:   306        SH:  0    Dex: 12    Spells: 7/7 levels left

rFire    . . .     SeeInvis .   a - +0 war axe
rCold    . . .     Gourm    .   (no shield)
rNeg     + . .     Faith    .   b - +0 chain mail
rPois    ∞         Spirit   .   (no helmet)
rElec    +         Reflect  .   (no cloak)
rCorr    .         Harm     .   (no gloves)
MR       .....                  (no boots)
Stlth    ..........             (no amulet)
HPRegen  0.23/turn              k - +2 ring of strength
MPRegen  0.11/turn              u - +3 ring of dexterity

@: berserking (expiring), very quick
A: negative energy resistance 1, electricity resistance, unbreathing,
petrification resistance, rot immunity, AC +5
a: Berserk, Trog's Hand, Renounce Religion


You were on level 6 of the Dungeon.
You worshipped Trog.
Trog was most pleased with you.
You were hungry.

You visited 2 branches of the dungeon, and saw 7 of its levels.

You collected 306 gold pieces.

Inventory:

Hand Weapons
 a - a +0 war axe (weapon)
Armour
 b - a +0 chain mail (worn)
Jewellery
 k - a +2 ring of strength (left hand)
 u - a +3 ring of dexterity (right hand)
Wands
 r - a wand of polymorph (10)
Scrolls
 d - 8 scrolls of identify {unknown}
 f - 2 scrolls of teleportation {unknown}
 g - 3 scrolls of magic mapping {unknown}
 h - 2 scrolls of immolation {unknown}
 i - 3 scrolls of amnesia {unknown}
 l - a scroll of fear {unknown}
 o - 2 scrolls of blinking {unknown}
 p - 3 scrolls of remove curse {unknown}
 t - a scroll of fog {unknown}
Potions
 e - 3 potions of flight {unknown}
 j - 2 potions of curing {unknown}
 m - 2 potions of mutation {unknown}
 n - 3 potions of might {unknown}
 q - a potion of resistance
Comestibles
 c - 13 rations
 s - 3 chunks of flesh


   Skills:
 + Level 6.5 Fighting
 + Level 5.4 Axes
 + Level 6.1 Armour
 + Level 4.6 Dodging


You had 7 spell levels left.
You didn't know any spells.
Your spell library was empty.

Dungeon Overview and Level Annotations

Branches:
Dungeon (6/15)             Temple (1/1) D:6

Altars:
Elyvilon
Okawaru
Sif Muna
Uskayaw
Zin

Shops:
D:6 }*


Innate Abilities, Weirdness & Mutations

You are resistant to torment.
Your stone body is resilient. (AC +5)
You are immune to poison.
You resist negative energy. (rN+)
You are resistant to electric shocks. (rElec)
You can survive without breathing.
You are immune to petrification.
You are immune to rotting.


Message History

You closely miss the orc warrior.
The orc warrior is moderately wounded.
You completely miss the orc warrior.
The orc warrior is moderately wounded.
The orc warrior closely misses you.
The orc priest mumbles some strange prayers to Beogh against you.
Beogh smites you!
* * * LOW HITPOINT WARNING * * *
You slash the orc warrior!
The orc warrior is heavily wounded.
The orc warrior hits you with a +0 mace.
* * * LOW HITPOINT WARNING * * *
You closely miss the orc warrior.
The orc warrior is heavily wounded.
You closely miss the orc warrior.
The orc warrior is heavily wounded.
The orc warrior completely misses you.
The orc priest calls down the wrath of Beogh upon you.
Beogh smites you!
You die...

#.# #.#.#
#.#.# #.#.#
#.#.# #.#o#
#÷#o# #.#o#
#.#@# #.#.#
######.#.#
..........#
#######.###
#.. ###


You could see an orc warrior and 2 orc priests.

Vanquished Creatures
  Sigmund (D:2)
  3 centaurs
  A black bear (D:6)
  An ogre (D:4)
  A bullfrog (D:6)
  A centaur zombie (D:6)
  A crimson imp (D:6)
  5 orc priests
  5 hounds
  A worker ant (D:6)
  An iguana (D:5)
  4 orc wizards
  A hound skeleton (D:4)
  A howler monkey skeleton (D:6)
  2 gnoll zombies (D:5)
  8 adders
  An orc zombie (D:5)
  A shadow imp (D:6)
  An ooze (D:3)
  An adder skeleton (D:5)
  6 worms
  3 dart slugs
  A leopard gecko (D:6)
  24 orcs
  A ball python (D:4)
  5 bats
  5 giant cockroaches
  8 goblins
  5 hobgoblins
  3 jackals (D:3)
  3 quokkas
  A frilled lizard (D:2)
  2 kobolds
  A quokka skeleton (D:4)
  6 rats
115 creatures vanquished.

Vanquished Creatures (others)
  An orc wizard (D:6)
1 creature vanquished.

Grand Total: 116 creatures vanquished

Notes
Turn   | Place    | Note
-------+----------+-------------------------------------------
     0 | D:1      | Fang the Gargoyle Berserker began the quest for the Orb.
     0 | D:1      | Reached XP level 1. HP: 14/14 MP: 1/1
   193 | D:1      | Reached XP level 2. HP: 17/19 MP: 2/2
   620 | D:2      | Reached XP level 3. HP: 18/23 MP: 3/3
   642 | D:2      | Noticed Sigmund
   659 | D:2      | Killed Sigmund
   659 | D:2      | Reached XP level 4. HP: 4/30 MP: 4/4
   659 | D:2      | Reached XP level 5. HP: 4/34 MP: 5/5
   918 | D:2      | Found a glowing silver altar of Zin.
   922 | D:2      | Found a shimmering blue altar of Sif Muna.
   927 | D:2      | Found a hide-covered altar of Uskayaw.
  1079 | D:2      | Reached XP level 6. HP: 39/39 MP: 6/6
  1355 | D:2      | Reached ** piety under Trog
  2087 | D:4      | Reached skill level 5 in Fighting
  2087 | D:4      | Reached XP level 7. HP: 44/44 MP: 7/7
  2426 | D:4      | Reached *** piety under Trog
  2786 | D:5      | Entered Level 5 of the Dungeon
  3101 | D:5      | Found a transporter.
  3137 | D:5      | Reached skill level 5 in Armour
  3241 | D:5      | Found a white marble altar of Elyvilon.
  3349 | D:5      | Found a transporter.
  3879 | D:6      | Found Tufairr's Assorted Antiques.
  3952 | D:6      | Reached XP level 8. HP: 51/51 MP: 8/8
  4064 | D:6      | Reached skill level 5 in Axes
  4294 | D:6      | Found Eceb's Gadget Boutique.
  4322 | D:6      | Found a staircase to the Ecumenical Temple.
  4360 | Temple   | Entered the Ecumenical Temple
  4648 | D:6      | Found an iron altar of Okawaru.
  4703 | D:6      | Killed from afar by an orc priest

Levels and vault maps discovered:
D:1:      dpeg_arrival_stone_temple_mockup, layout_loops_ring
D:2:      layout_loops_ring, minmay_overflow_temple_star_quad, first_ration,
          uniq_sigmund
D:3:      layout_rooms
D:4:      layout_gridville
D:5:      gammafunk_cloud_chamber, layout_loops_ring, kennysheep_little_box,
          kennysheep_generic_room_15
D:6:      layout_basic, marbit_many_paths, minmay_temple_entry_mist,
          serial_shops, shop_coins, kennysheep_mini, shop, shop_statue
Temple:   minmay_temple_curvy_loop

Skill      XL: |  1  2  3  4  5  6  7  8 |
---------------+-------------------------+-----
Axes           | 3 4 5 |  5.4
Dodging        | 2 3 4 |  4.6
Fighting       | 4 5 6 |  6.5
Armour         | 3 4 5 6 |  6.1

Action                   |  1- 3 |  4- 6 |  7- 9 || total
-------------------------+-------+-------+-------++-------
Melee: Hand axe          |    60 |   201 |   296 ||   557
       War axe           |       |       |    21 ||    21
Invok: Berserk           |     1 |     2 |     3 ||     6
       Trog's Hand       |       |     1 |       ||     1
 Stab: Sleeping          |     1 |       |       ||     1
  Eat: Chunk             |       |     6 |    12 ||    18
Armor: Animal skin       |    19 |       |       ||    19
       Chain mail        |       |   130 |   175 ||   305
Dodge: Dodged            |    50 |   111 |   172 ||   333
